AoeStats
← tHeDesiRe

Arabia

509377064Analyzed
1v1 RM · 7d ago on Sep 26, 2026· 57m 1s· 2 players
Game mode
Random Map
Map size
Tiny (2 player)
Population
200
Speed
Normal
Resources
Standard
Victory
Conquest
Starting age
Dark Age
Ending age
Imperial Age
RankedLock teamsTeams togetherTeam positionsShared explorationLock speedFull tech treeHidden civsTurbo modeCheats
Victory
Defeat
🇩🇪 Vietnamese · Germany
1234
+17
🇦🇷 Persians · Argentina
1251
-17
tHeDesiRe
6:20 Loom
9:25 Feudal Age
11:06 Double-Bit Axe
13:17 Horse Collar
20:15 Castle Age
18:56 Gold Mining
20:02 Fletching
20:12 Padded Archer Armor
20:23 Fishing Lines
20:24 Pikeman
21:04 Squires
21:51 Bow Saw
23:05 Scale Mail Armor
24:03 Gillnets
25:45 Bodkin Arrow
27:25 Leather Archer Armor
28:09 Wheelbarrow
28:03 Ballistics
28:12 Bloodlines
29:31 Town Watch
30:35 Husbandry
31:03 Stone Mining
31:48 Thumb Ring
32:04 Heavy Plow
35:20 Hand Cart
39:02 Imperial Age
38:52 Forging
40:41 Bracer
41:12 Ring Archer Armor
40:58 Chain Mail Armor
41:45 Chemistry
41:22 Heavy Cavalry Archer
43:08 Town Patrol
46:06 Plate Mail Armor
46:12 Iron Casting
45:50 Masonry
45:36 Murder Holes
45:54 Elite Fire Lancer
48:09 Two-Man Saw
49:46 Siege Engineers
49:23 Treadmill Crane
52:42 Sappers
56:57 Stone Shaft Mining
55:50 Spies/Treason
[GdSur] TheNoldo
4:34 Loom
8:04 Feudal Age
9:10 Double-Bit Axe
11:00 Horse Collar
16:29 Wheelbarrow
20:11 Castle Age
19:23 Bloodlines
20:53 Husbandry
21:39 Bow Saw
23:24 Ballistics
22:57 Fletching
23:07 Padded Archer Armor
27:00 Crossbowman
28:18 Parthian Tactics
29:32 Thumb Ring
33:52 Murder Holes
34:09 Masonry
34:50 Leather Archer Armor
35:47 Bodkin Arrow
40:42 Imperial Age
39:45 Scale Barding Armor
39:51 Forging
40:21 Cavalier
41:22 Chain Barding Armor
42:08 Iron Casting
42:43 Architecture
43:15 Chemistry
46:17 Blast Furnace
45:52 Plate Barding Armor
Connection lost

Rejoining the realm…

Still unreachable

The connection could not be restored.

Session expired

The server has moved on; the page needs a fresh start.